 Dungeon Crawl Stone Soup version 0.22-a0-422-g9628fc8 (webtiles) character file.

8138 4thArraOfDagon the Thaumaturge (level 11, -6/68 HPs)
             Began as a Mummy Fire Elementalist on May 16, 2018.
             Was an Elder of Vehumet.
             Killed by divine providence
             ... invoked by an orc priest
              (13 damage)
             ... on level 10 of the Dungeon.
             The game lasted 00:20:10 (7679 turns).

4thArraOfDagon the Thaumaturge (MuFE)               Turns: 7679, Time: 00:20:11

Health: -6/68      AC:  4    Str: 12    XL:     11   Next: 6%
Magic:  24/24      EV: 12    Int: 21    God:    Vehumet [****..]
Gold:   504        SH: 13    Dex: 13    Spells: 15/28 levels left

rFire    . . .     SeeInvis .   j - +9 hand axe "Keack" {protect, rF+ rC+ rN+}
rCold    + + +     Gourm    .   s - +2 buckler of Sin {rC++}
rNeg     + + +     Faith    .   a - +0 robe
rPois    ∞         Spirit   .   A - +0 helmet
rElec    .         Reflect  +   (no cloak)
rCorr    .         Harm     .   (no gloves)
MR       ++...                  o - +0 pair of boots
Stlth    ++........             g - +6 amulet of reflection
HPRegen  0.21/turn              l - ring of protection from magic
MPRegen  0.19/turn              B - +4 ring of intelligence

@: no status effects
A: no food or potions, fire vulnerability, cold resistance 1, negative energy
resistance 3, torment resistance, unbreathing
a: Renounce Religion


You were on level 10 of the Dungeon.
You worshipped Vehumet.
Vehumet was greatly pleased with you.
You were not hungry.

You visited 1 branch of the dungeon, and saw 11 of its levels.

You collected 504 gold pieces.

Inventory:

Hand Weapons
 j - the +9 hand axe "Keack" (weapon) {protect, rF+ rC+ rN+}
   (You found it on level 4 of the Dungeon)

   It protects the one who uses it against injury (+AC on strike).
   It protects you from fire.
   It protects you from cold.
   It protects you from negative energy.
 y - a +0 blowgun
Missiles
 z - 7 curare-tipped needles
Armour
 a - a +0 robe (worn)
 o - a +0 pair of boots (worn)
 q - the +0 chain mail "Lorghecynn" {Int+4 Dex+4}
   (You found it on level 4 of the Dungeon)

   It affects your intelligence (+4).
   It affects your dexterity (+4).
 s - the +2 buckler of Sin (worn) {rC++}
   (You found it on level 6 of the Dungeon)

   It greatly protects you from cold.
 A - a +0 helmet (worn)
Jewellery
 g - a +6 amulet of reflection (around neck)
 k - a +4 amulet of reflection
 l - a ring of protection from magic (left hand)
 m - a cursed amulet of inaccuracy {unknown}
 w - an uncursed amulet of guardian spirit {unknown}
 x - a +2 amulet of reflection
 B - a +4 ring of intelligence (right hand)
Wands
 p - a wand of enslavement (8)
 u - a wand of acid (4)
 v - a wand of flame (59)
Scrolls
 b - 6 scrolls of remove curse
 c - 5 scrolls of enchant weapon
 d - 2 scrolls of noise {unknown}
 e - a scroll of immolation {unknown}
 f - a scroll of blinking {unknown}
 h - 9 scrolls of identify {unknown}
 i - a scroll of enchant armour {unknown}
 n - 4 scrolls of teleportation
 r - 2 scrolls of magic mapping
 t - a scroll of random uselessness {unknown}


   Skills:
 - Level 1.5 Dodging
 - Level 1.5 Stealth
 - Level 4.0 Shields
 + Level 9.1 Spellcasting
 * Level 8.8 Conjurations
 * Level 9.1 Fire Magic


You had 15 spell levels left.
You knew the following spells:

 Your Spells              Type           Power        Failure   Level  Hunger
a - Flame Tongue          Conj/Fire      #####        1%          1    N/A
b - Conjure Flame         Conj/Fire      #####...     1%          3    N/A
c - Sticky Flame          Conj/Fire      #####...     1%          4    N/A
d - Fireball              Conj/Fire      #####.....   1%          5    N/A

Your spell library contained the following spells:

 Spells                   Type           Power        Failure   Level  Hunger
 Throw Flame              Conj/Fire      #####.       1%          2    N/A
 Inner Flame              Hex/Fire       ####....     1%          3    N/A

Dungeon Overview and Level Annotations

Branches:
Dungeon (11/15)            Temple (0/1) D:6             Orc (0/2) D:10
   Lair: D:8-11

Altars:
Ashenzari
Cheibriados
Elyvilon
Hepliaklqana
Nemelex Xobeh
Okawaru
Trog
Vehumet
Xom

Annotations:
D:5 exclusion: steam dragon
D:6 Sigmund


Innate Abilities, Weirdness & Mutations

You do not eat or drink.
Your flesh is vulnerable to fire.
You are immune to poison.
Your flesh is cold resistant. (rC+)
You are immune to negative energy. (rN+++)
You are immune to unholy pain and torment.
You can survive without breathing.


Message History

Unknown command.
Unknown command.
Unknown command.
Unknown command.
An orc priest comes into view.
Unknown command.
An orc comes into view.
The orc moves out of view.
Found a staircase to the Orcish Mines.
Unknown command.
Unknown command.
Unknown command.
Evoke which item? (* to show all) (? for menu, Esc to quit)
Aiming: Enslavement
Press: ? - help, Shift-Dir - straight line, f - yak
Aim: a yak (chance to defeat MR: 46%)
The yak resists with some effort.
The orc priest mumbles some strange prayers to Beogh against you.
Beogh smites you!
You die...

........# ........#
........# ........#
........# ........#
.......z############
......o..YY.Wz.Y@..#
......(######o####.#
.......##..........#
......Y##..........#
.....Y.##......o...#
.......##..o.......#
..((...##..........#
(......##..........#
.......##....>.....#


You could see 3 yaks, a hungry ghost, a wight and an orc priest.

Vanquished Creatures
  A hydra (D:10)
  2 two-headed ogres
  Sonja (D:10)
  A gargoyle (D:10)
  Prince Ribbit (D:6)
  2 dream sheep (D:10)
  2 yaks (D:10)
  A warg (D:10)
  Menkaure (D:7)
  A water moccasin (D:8)
  A porcupine (D:9)
  A sky beast (D:10)
  4 orc warriors
  A phantom (D:10)
  2 ice beasts (D:7)
  2 black bears
  2 ogres
  2 centaurs
  4 big kobolds (D:10)
  2 bullfrogs
  A wyvern skeleton (D:10)
  4 killer bees
  2 howler monkeys (D:10)
  11 wights
  4 crimson imps
  10 orc priests
  A quasit (D:9)
  A centaur skeleton (D:7)
  A jelly (D:11)
  3 bullfrog skeletons (D:5)
  4 hounds
  16 orc wizards
  An iguana (D:3)
  6 worker ants
  A hound skeleton (D:4)
  3 gnolls (D:8)
  6 adders
  A shadow imp (D:6)
  2 adder zombies (D:5)
  An adder skeleton (D:7)
  2 worms
  3 leopard geckos
  37 orcs
  6 ball pythons
  12 bats
  5 giant cockroaches
  7 goblins (D:1)
  5 hobgoblins
  16 jackals
  9 kobolds
  3 quokkas
  3 frilled lizards
  A quokka skeleton (D:4)
  A quokka zombie (D:7)
  7 rats
230 creatures vanquished.

Vanquished Creatures (collateral kills)
  A wight (D:10)
  An orc (D:10)
2 creatures vanquished.

Vanquished Creatures (others)
  A steam dragon (D:10)
  3 plants (D:10)
4 creatures vanquished.

Grand Total: 236 creatures vanquished

Notes
Turn   | Place    | Note
-------+----------+-------------------------------------------
     0 | D:1      | 4thArraOfDagon the Mummy Fire Elementalist began the quest for the Orb.
     0 | D:1      | Reached XP level 1. HP: 13/13 MP: 4/4
    38 | D:1      | Reached skill level 1 in Conjurations
   129 | D:1      | Reached XP level 2. HP: 13/19 MP: 3/5
   325 | D:2      | Found an iron altar of Okawaru.
   400 | D:3      | Found an iron altar of Okawaru.
   618 | D:5      | Entered Level 5 of the Dungeon
   618 | D:5      | Noticed a crimson imp
   641 | D:5      | Noticed a crimson imp
   706 | D:6      | Noticed an orc warrior
   752 | D:4      | Reached XP level 3. HP: 23/24 MP: 1/7
   757 | D:4      | Learned a level 3 spell: Conjure Flame
   817 | D:4      | Got a fine hand axe
   818 | D:4      | Identified the +9 hand axe "Keack" {protect, rF+ rC+ rN+} (You found it on level 4 of the Dungeon)
   854 | D:5      | Reached XP level 4. HP: 24/30 MP: 9/9
   917 | D:5      | Learned a level 4 spell: Sticky Flame
   967 | D:5      | Found a radiant altar of Vehumet.
   976 | D:5      | Became a worshipper of Vehumet
   977 | D:5      | ok...
  1131 | D:3      | Found a hazy altar of Hepliaklqana.
  1396 | D:1      | Reached * piety under Vehumet
  1396 | D:1      | Offered knowledge of Shock by Vehumet.
  1421 | D:1      | Reached XP level 5. HP: 35/35 MP: 10/10
  1507 | D:1      | Found a shattered altar of Ashenzari.
  1826 | D:2      | Found a snail-covered altar of Cheibriados.
  1988 | D:2      | Found a bloodstained altar of Trog.
  2837 | D:4      | Found a white marble altar of Elyvilon.
  2850 | D:4      | Reached XP level 6. HP: 32/41 MP: 12/12
  2902 | D:4      | Reached ** piety under Vehumet
  2997 | D:4      | Offered knowledge of Magic Dart by Vehumet.
  3058 | D:4      | Reached XP level 7. HP: 42/46 MP: 6/14
  3069 | D:4      | Learned a level 5 spell: Fireball
  3423 | D:4      | Got a faintly humming chain mail
  3434 | D:4      | Identified the cursed +0 chain mail "Lorghecynn" {Int+4 Dex+4} (You found it on level 4 of the Dungeon)
  3600 | D:5      | Noticed a steam dragon
  3687 | D:5      | Reached skill level 5 in Spellcasting
  3783 | D:5      | Reached skill level 5 in Fire Magic
  4599 | D:6      | Found a staircase to the Ecumenical Temple.
  4824 | D:6      | Noticed a steam dragon
  4832 | D:6      | Noticed Sigmund
  4953 | D:6      | Noticed Prince Ribbit
  4973 | D:6      | Got a brightly glowing buckler
  4979 | D:6      | Identified the +2 buckler of Sin {rC++} (You found it on level 6 of the Dungeon)
  4988 | D:6      | Reached skill level 5 in Conjurations
  4988 | D:6      | Reached XP level 8. HP: 26/52 MP: 8/16
  5007 | D:6      | Killed Prince Ribbit
  5007 | D:6      | Reached skill level 1 in Shields
  5601 | D:7      | Found a shimmering altar of Xom.
  5651 | D:7      | Noticed Menkaure
  5660 | D:7      | Killed Menkaure
  5685 | D:7      | Reached XP level 9. HP: 49/57 MP: 14/18
  6020 | D:8      | Offered knowledge of Ignite Poison by Vehumet.
  6084 | D:8      | Reached *** piety under Vehumet
  6168 | D:8      | Noticed a two-headed ogre
  6182 | D:8      | Killed a two-headed ogre
  6311 | D:8      | Found a sparkling altar of Nemelex Xobeh.
  6648 | D:9      | Offered knowledge of Fulminant Prism by Vehumet.
  6700 | D:10     | Entered Level 10 of the Dungeon
  6722 | D:10     | Noticed Sonja
  6737 | D:10     | Killed Sonja
  6737 | D:10     | Reached XP level 10. HP: 46/63 MP: 7/21
  6847 | D:11     | Noticed a gargoyle
  6884 | D:10     | Noticed a gargoyle
  7098 | D:10     | Reached **** piety under Vehumet
  7343 | D:10     | Offered knowledge of Force Lance by Vehumet.
  7346 | D:10     | Noticed a two-headed ogre
  7359 | D:10     | Killed a two-headed ogre
  7399 | D:10     | Killed a gargoyle
  7527 | D:10     | Noticed a three-headed hydra
  7534 | D:10     | Killed a three-headed hydra
  7534 | D:10     | Reached XP level 11. HP: 41/68 MP: 6/24
  7675 | D:10     | Found a staircase to the Orcish Mines.
  7679 | D:10     | Killed from afar by an orc priest

Vault maps used:
D:1:      dpeg_arrival_subterranean_lakeside_camping, hex_tiny,
          minmay_misc_feat_pillars, ashenzari_altar_1
D:2:      lemuel_round_altar, lemuel_coloured_pillars_altar, okawaru_trees_1
D:3:      old_standard_altar, lemuel_crystal_altar, first_ration
D:4:      kennysheep_mini
D:5:      kennysheep_steamy, old_standard_altar
D:6:      minmay_temple_entry_trees, basic_altar, dk_rats_in_the_wall,
          uniq_prince_ribbit1, uniq_sigmund
D:7:      marbit_many_paths, uniq_menkaure
D:8:      lemuel_round_altar, kennysheep_little_box
D:9:      kennysheep_mini_moat, lemuel_zombie_altar_yredelemnul,
          nicolae_gozag_seed_capital, grunt_lair_entry_orc_guard_hut
D:10:     david_orc_3, hangedman_ranch, wad_floor_pattern_2,
          serial_bayou_pond_b, minivault_1, minmay_orc_keep, uniq_sonja,
          uniq_erolcha
D:11:     uniq_maurice

Skill      XL: |  1  2  3  4  5  6  7  8  9 10 |
---------------+-------------------------------+-----
Conjurations   | 1 2 3 5 6 7 8 |  8.8
Spellcasting   | 3 4 5 6 7 9 |  9.1
Fire Magic     | 3 4 5 6 7 9 |  9.1
Shields        | 2 3 4 |  4.0
Dodging        | |  1.5
Stealth        | |  1.5

Action                   |  1- 3 |  4- 6 |  7- 9 | 10-12 || total
-------------------------+-------+-------+-------+-------++-------
Melee: Unarmed           |    13 |       |       |       ||    13
       Hand axe          |     7 |   116 |   148 |    38 ||   309
 Cast: Flame Tongue      |    42 |    15 |    42 |     8 ||   107
       Conjure Flame     |       |     4 |     2 |     6 ||    12
       Sticky Flame      |       |     5 |    43 |     8 ||    56
       Fireball          |       |       |     8 |    20 ||    28
Evoke: Wand              |       |       |       |    17 ||    17
  Use: Scroll            |     4 |       |     2 |     1 ||     7
 Stab: Sleeping          |       |     2 |     1 |       ||     3
Armor: Robe              |    12 |    27 |    36 |    11 ||    86
Dodge: Dodged            |    41 |    65 |    74 |    22 ||   202
Block: Other             |     7 |    49 |    22 |       ||    78
       Reflection        |       |     3 |     2 |     9 ||    14
       Buckler           |       |       |    68 |    51 ||   119

Table legend:
 A = Spawn XP
 B = Non-spawn XP
 C = Spawn XP percentage of total XP
 D = Spawn monster count
 E = Non-spawn monster count
 F = Spawn count percentage of total count
 G = Total turns spent on level
                    A         B        C        D         E        F      G
               +---------+---------+-------+---------+---------+-------+---------
         Total |       0 |   11626 |   0.0 |       0 |     232 |   0.0 |  7679
               +---------+---------+-------+---------+---------+-------+---------
           D:1 |       0 |      57 |   0.0 |       0 |      36 |   0.0 |   553
           D:2 |       0 |      39 |   0.0 |       0 |      16 |   0.0 |   792
           D:3 |       0 |      56 |   0.0 |       0 |      13 |   0.0 |   787
           D:4 |       0 |     526 |   0.0 |       0 |      20 |   0.0 |  1074
           D:5 |       0 |     440 |   0.0 |       0 |      17 |   0.0 |  1357
           D:6 |       0 |     765 |   0.0 |       0 |      14 |   0.0 |   678
           D:7 |       0 |    1220 |   0.0 |       0 |      20 |   0.0 |   733
           D:8 |       0 |    2050 |   0.0 |       0 |      37 |   0.0 |   667
           D:9 |       0 |     756 |   0.0 |       0 |      13 |   0.0 |    71
          D:10 |       0 |    5672 |   0.0 |       0 |      44 |   0.0 |   723
          D:11 |       0 |      45 |   0.0 |       0 |       2 |   0.0 |   244
               +---------+---------+-------+---------+---------+-------+---------
